 Dungeon Crawl Stone Soup version 0.21.1-1-g345015fe64 (webtiles) character file.

72 Henning the Skirmisher (level 4, 19/40 HPs)
             Began as a Draconian Abyssal Knight on June 15, 2018.
             Was a Follower of Lugonu.
             Quit the game on level 2 of the Dungeon.
             The game lasted 00:08:01 (915 turns).

Henning the Skirmisher (Draconian Abyssal Knight)    Turns: 915, Time: 00:08:01

Health: 19/40      AC:  6    Str: 15    XL:     4   Next: 7%
Magic:  5/5        EV: 12    Int: 13    God:    Lugonu [*.....]
Gold:   45         SH:  3    Dex: 10    Spells: 3/3 levels left

rFire    x . .     SeeInvis .   a - +1 spear
rCold    + . .     Gourm    .   e - +0 buckler
rNeg     . . .     Faith    .   (armour unavailable)
rPois    .         Spirit   .   (helmet restricted)
rElec    .         Reflect  .   (no cloak)
rCorr    .         Harm     .   (no gloves)
MR       .....                  f - +0 pair of boots
Stlth    +.........             (no amulet)
HPRegen  0.13/turn              l - ring of ice
MPRegen  0.09/turn              (no ring)

@: no status effects
A: unfitting armour, cold-blooded, AC +5
a: Depart the Abyss, Renounce Religion


You were on level 2 of the Dungeon.
You worshipped Lugonu.
Lugonu was aware of your devotion.
You were not hungry.

You visited 1 branch of the dungeon, and saw 2 of its levels.
You visited the Abyss 1 time.

You collected 45 gold pieces.

Inventory:

Hand Weapons
 a - a +1 spear (weapon)
Armour
 e - a +0 buckler (worn)
 f - a +0 pair of boots (worn)
Jewellery
 l - a ring of ice (left hand)
Scrolls
 d - a scroll of teleportation {unknown}
 g - a scroll of amnesia {unknown}
 h - a scroll of identify {unknown}
 i - a scroll of fear {unknown}
Potions
 j - a potion of heal wounds {unknown}
 k - 2 potions of berserk rage {unknown}
Comestibles
 b - 3 rations
 c - 2 chunks of flesh


   Skills:
 + Level 4.1 Fighting
 + Level 2.8 Polearms
 + Level 2.9 Dodging
 + Level 0.2 Stealth
 + Level 2.2 Invocations


You had 3 spell levels left.
You didn't know any spells.

Dungeon Overview and Level Annotations

Branches:
Dungeon (2/15)

Altars:


Innate Abilities, Weirdness & Mutations

Your plain brown scales are hard. (AC +5)
You cannot fit into any form of body armour.
You are cold-blooded and may be slowed by cold attacks.


Message History

You closely miss the gnoll. You tail-slap the gnoll.
The gnoll is severely wounded.
The gnoll closely misses you. The gnoll barely misses you. x2
You hit the gnoll.
The gnoll is almost dead.
The gnoll misses you. The gnoll closely misses you.
The gnoll hits you but does no damage.
You barely miss the gnoll.
The gnoll is almost dead.
The gnoll hits you with a club. The gnoll completely misses you.
The gnoll hits you but does no damage.
You barely miss the gnoll.
The gnoll is almost dead.
The gnoll hits you with a club. You block the gnoll's attack.
You are too injured to fight recklessly!
You are too injured to fight recklessly!
You are too injured to fight recklessly!
You are too injured to fight recklessly!
You are too injured to fight recklessly!
Are you sure you want to abandon this character and quit the game? (Confirm with "yes".)

#.........
##.........
#.........#
##........##
#...........
###...........
##..........<..
#.....#...#....
#.†@..#...#....
#gg..##........
...g..###........
.....##.#
#...#... .....
..> ...#... ....
.... ### ##.# #.#


You could see 3 gnolls.

Vanquished Creatures
  2 adders (D:2)
  A gnoll (D:1)
  2 dart slugs (D:1)
  A ball python (D:1)
  5 bats
  3 giant cockroaches
  9 goblins
  5 hobgoblins
  A frilled lizard (D:2)
  6 kobolds
  5 rats (D:1)
40 creatures vanquished.

Notes
Turn   | Place    | Note
-------+----------+-------------------------------------------
     0 | Abyss:1  | Henning the Draconian Abyssal Knight began the quest for the Orb.
     0 | Abyss:1  | Reached XP level 1. HP: 19/19 MP: 2/2
     2 | D:1      | Escaped the Abyss
    42 | D:1      | Reached XP level 2. HP: 27/27 MP: 3/3
   155 | D:1      | Reached * piety under Lugonu
   184 | D:1      | Reached skill level 4 in Fighting
   228 | D:1      | Reached XP level 3. HP: 25/33 MP: 4/4
   908 | D:2      | Reached XP level 4. HP: 34/40 MP: 5/5
   915 | D:2      | Quit the game

Skill      XL: |  1  2 |
---------------+-------+-----
Fighting       | 4 |  4.1
Polearms       | |  2.8
Dodging        | |  2.9
Stealth        | |  0.2
Invocations    | |  2.2

Action                   |  1- 3 |  4- 6 || total
-------------------------+-------+-------++-------
Melee: Spear             |   114 |     6 ||   120
       Tailslap          |     5 |     2 ||     7
Invok: Depart the Abyss  |     1 |       ||     1
 Stab: Sleeping          |     2 |       ||     2
       Distracted        |     1 |       ||     1
Armor: Skin              |    20 |       ||    20
Dodge: Dodged            |    57 |     9 ||    66
Block: Buckler           |    10 |     1 ||    11
